 Dungeon Crawl Stone Soup version 0.29-a0-517-gbdf32494f2 (webtiles) character file.

Game seed: 15152355382742435372

93 purpskrrrp the Shield-Bearer (level 4, -1/29 HPs)
             Began as a Gargoyle Fighter on May 30, 2022.
             Slain by Grinder (4 damage)
             ... on level 3 of the Dungeon.
             The game lasted 00:11:21 (2647 turns).

purpskrrrp the Shield-Bearer (Gargoyle Fighter)     Turns: 2647, Time: 00:11:21

Health: -1/29      AC: 13    Str: 22    XL:     4   Next: 61%
Magic:  4/4        EV:  9    Int:  8    God:
Gold:   118        SH:  4    Dex:  9    Spells: 3/3 levels left

rFire   . . .      SeeInvis .   a - +0 flail
rCold   . . .      Faith    .   c - +0 buckler
rNeg    + . .      Spirit   .   b - +0 scale mail
rPois   ∞          Reflect  .   s - +0 helmet
rElec   +          Harm     .   t - +0 cloak
rCorr   .          Rampage  .   (no gloves)
Will    .....                   (no boots)
Stlth   ..........              (no amulet)
HPRegen 0.09/turn               (no ring)
MPRegen 0.09/turn               (no ring)

@: hasted, very quick
A: sickness immunity, AC +3, negative energy resistance 1, electricity
resistance, torment resistance 1, petrification resistance
a: no special abilities


You were on level 3 of the Dungeon.
You visited 1 branch of the dungeon, and saw 3 of its levels.

You collected 118 gold pieces.

Inventory:

Hand Weapons
 a - a +0 flail (weapon)
 u - a +0 hand axe
Missiles
 e - 4 boomerangs (quivered)
Armour
 b - a +0 scale mail (worn)
 c - a +0 buckler (worn)
 s - a +0 helmet (worn)
 t - a +0 cloak (worn)
Scrolls
 h - a scroll of silence {unknown}
 k - a scroll of enchant armour {unknown}
 l - a scroll of noise {unknown}
 p - a scroll of vulnerability {unknown}
Potions
 d - a potion of might
 f - a potion of ambrosia
 g - a potion of heal wounds {unknown}
 i - 2 potions of lignification
 j - 2 potions of haste
 m - a potion of resistance {unknown}
 n - 2 potions of curing
 o - a potion of cancellation {unknown}
 q - a potion of mutation {unknown}
 r - a potion of attraction {unknown}


   Skills:
 * Level 4.0 Fighting
 + Level 2.5 Maces & Flails
 * Level 3.9 Armour
 + Level 1.1 Dodging
 * Level 4.0 Shields


You had 3 spell levels left.
You didn't know any spells.
Your spell library was empty.

Dungeon Overview and Level Annotations

Branches:
Dungeon (3/15)

Altars:

Shops:
D:1 =   D:3 (

Annotations:
D:3 2 runed translucent doors, Grinder


Innate Abilities, Weirdness & Mutations

You are immune to sickness and miasma.
Your stone body is resilient. (AC +3)
You are immune to poison.
You resist negative energy. (rN+)
You are resistant to electric shocks. (rElec)
You are resistant to unholy torment.
You are immune to petrification.


Message History

Grinder gestures at you.
You barely resist. You hit Grinder.
Grinder is moderately wounded.
Grinder blinks!
You see here a +0 whip.
You block Grinder's attack.
You barely miss Grinder.
Grinder is moderately wounded.
Grinder closely misses you.
You closely miss Grinder.
Grinder is moderately wounded.
Grinder misses you.
You sock Grinder!
Grinder is heavily wounded.
Grinder gestures at you. Pain shoots through your body!
You closely miss Grinder.
Grinder is heavily wounded.
Grinder hits you but does no damage.
You closely miss Grinder.
Grinder is heavily wounded.
Grinder says, "FISH!"
Grinder hits you.
You writhe in agony.
You hit Grinder.
Grinder is severely wounded.
Grinder gestures at you. Pain shoots through your body!
You sock Grinder!
Grinder is almost dead.
You hit Grinder.
Grinder is almost dead.
Grinder hits you!
* * * LOW HITPOINT WARNING * * *
You writhe in agony.
* * * LOW HITPOINT WARNING * * *
You barely miss Grinder.
Grinder is almost dead.
Grinder hits you.
You die...

#
#####.###
#$..#...#
#..... .#
# #...#
..#
#.##.##..#
#...@)...#
####5###.#
#..# #.##
#.. #.#
#.# #.#
#.# #.#
#.# #.#
##.# #.#
#..#


You could see Grinder.

Vanquished Creatures
  An orc wizard (D:3)
  An adder (D:2)
  4 orcs (D:3)
  5 ball pythons
  5 endoplasms
  2 giant cockroaches (D:1)
  4 goblins (D:1)
  4 hobgoblins
  2 jackals (D:2)
  5 kobolds
  A quokka (D:1)
  5 bats
  6 frilled lizards
  10 rats
55 creatures vanquished.

Notes
Turn   | Place    | Note
-------+----------+-------------------------------------------
     0 | D:1      | purpskrrrp the Gargoyle Fighter began the quest for the
                  | Orb.
     0 | D:1      | Reached XP level 1. HP: 14/14 MP: 1/1
   220 | D:1      | Reached XP level 2. HP: 7/19 MP: 2/2
   814 | D:1      | Reached XP level 3. HP: 23/23 MP: 3/3
   870 | D:1      | Found Girur's Jewellery Boutique.
  2004 | D:3      | Reached skill level 1 in Dodging
  2192 | D:3      | Found a large runed translucent door.
  2192 | D:3      | Found a large runed translucent door.
  2209 | D:3      | Reached XP level 4. HP: 29/29 MP: 4/4
  2583 | D:3      | Found Waojued's Weapon Shop.
  2619 | D:3      | Noticed Grinder
  2625 | D:3      | Paralysed by Grinder for 5 turns
  2647 | D:3      | Slain by Grinder

Illustrated notes

Levels and vault maps discovered:
D:1:      saegor_arrival_under_anarchy, layout_basic, serial_shops,
          nicolae_shop_behind_doors, minmay_rat_gold_closets
D:2:      layout_basic
D:3:      layout_loops_ring, jmf_multi_god_temple2, serial_shops,
          nicolae_shop_bloodbath_and_beyond,
          shapermc_ecumenical_altar_notcrosses, uniq_grinder

Skill      XL: |  1  2  3  4 |
---------------+-------------+-----
Dodging        | 1 |  1.1
Fighting       | 4 |  4.0
Shields        | 4 |  4.0
Maces & Flails | |  2.5
Armour         | |  3.9

Action                   |  1- 3 |  4- 6 || total
-------------------------+-------+-------++-------
Melee: Flail             |   166 |    55 ||   221
Throw: Boomerang         |       |     5 ||     5
  Use: Scroll            |     3 |     1 ||     4
       Potion            |       |     1 ||     1
Armor: Scale mail        |   115 |    21 ||   136
Dodge: Dodged            |   100 |    17 ||   117
Block: Buckler           |    39 |     5 ||    44

Table legend: (Time is in decaauts)
 A = Elapsed time spent in this place.
 B = Non-inter-level travel time spent in this place.
 C = Inter-level travel time spent in this place.
 D = Time resting spent in this place.
 E = Time spent auto-exploring this place.
 F = Levels seen in this place.
 G = Mean time per level.
                   A        B        C        D        E       F      G
               +--------+--------+--------+--------+--------+-----+--------+
         Total |   2713 |   2575 |    138 |    747 |   1288 |   3 |  904.3 |
       Dungeon |   2713 |   2575 |    138 |    747 |   1288 |   3 |  904.3 |
               +--------+--------+--------+--------+--------+-----+--------+

Top non-repeatable levels by time:
     D:1: 1273 daAuts
     D:2: 760 daAuts
     D:3: 679 daAuts
